 Dungeon Crawl Stone Soup version 0.30.1-3-gfc49f6343a (webtiles) character file.

Game seed: 16425351450361738983

4361 jtron the Cutter (level 10, -1/76 HPs)
             Began as a Demonspawn Wanderer on July 27, 2023.
             Succumbed to Erica's bolt of poison
             ... on level 8 of the Dungeon.
             The game lasted 00:27:06 (8280 turns).

jtron the Cutter (Demonspawn Wanderer)              Turns: 8280, Time: 00:27:07

Health: -1/76      AC: 15    Str: 12    XL:     10   Next: 12%
Magic:  13/13      EV: 13    Int: 13    God:
Gold:   752        SH:  0    Dex: 21    Spells: 13/13 levels left

rFire   x . .        a - +3 dagger
rCold   + . .        (no shield)
rNeg    . . .        p - +5 ring mail of the Known World {Dex+3}
rPois   .            (helmet restricted)
rElec   .            E - scarf {shadows}
rCorr   +            y - +0 pair of gloves
SInv    .            (no boots)
Will    .....        (no amulet)
Stlth   ++           q - ring of flight
HPRegen 0.00/turn    m - ring "Masmucani" {Ice rCorr}
MPRegen 0.13/turn

%: no passive effects
@: lethally poisoned (-1 -> -34), flying, inhibited regen
A: icy blue scales 2, demonic guardian 1, ignite blood 2, weakness stinger 2,
horns 1, sense surroundings 1, inhibited regeneration
a: no special abilities


You were on level 8 of the Dungeon.
You visited 2 branches of the dungeon, and saw 9 of its levels.
You also visited: Sewer.

You collected 767 gold pieces.
You spent 15 gold pieces at shops.

Inventory:

Hand Weapons
 a - a +3 dagger (weapon)
 b - a +0 sling
 r - a +0 war axe of freezing
Missiles
 l - 10 poisoned darts
 n - 2 curare-tipped darts (quivered)
 v - a javelin
 x - 51 stones
 L - a boomerang
Armour
 p - the +5 ring mail of the Known World (worn) {Dex+3}
   (You found it on level 2 of the Dungeon)

   Dex:       It affects your dexterity (+3).
 y - a +0 pair of gloves (worn)
 E - a scarf of shadows (worn)
 M - +0 acid dragon scales
Jewellery
 i - a ring of wizardry
 m - the ring "Masmucani" (right hand) {Ice rCorr}
   (You found it on level 4 of the Dungeon)

   [ring of ice]

   It enhances your ice magic.
   rF:        It makes you vulnerable to fire.
   rC:        It protects you from cold.
   rCorr:     It protects you from acid and corrosion.
 q - a ring of flight (left hand)
 C - a ring of wizardry
 D - a +6 ring of intelligence
 G - a ring of willpower
Wands
 c - a wand of polymorph (3)
 H - a wand of roots (5)
 J - a wand of digging (5)
Scrolls
 j - 5 scrolls of teleportation
 k - a scroll of enchant armour {unknown}
 s - a scroll of butterflies
 u - a scroll of blinking
 w - 3 scrolls of fear
 I - 2 scrolls of identify
Potions
 e - 3 potions of heal wounds {unknown}
 f - a potion of cancellation {unknown}
 g - a potion of haste {unknown}
 h - 2 potions of might
 o - a potion of flight {unknown}
 t - a potion of magic
 z - 2 potions of lignification
 A - 2 potions of resistance {unknown}
 F - 2 potions of ambrosia
 K - a potion of degeneration {unknown}


   Skills:
 + Level 5.7 Fighting
 + Level 7.0 Short Blades
 + Level 5.3 Throwing
 + Level 6.1 Armour
 + Level 4.4 Dodging
 + Level 4.3 Stealth
 - Level 2.0 Spellcasting
 + Level 4.9 Evocations


You had 13 spell levels left.
You didn't know any spells.
Your spell library was empty.

Dungeon Overview and Level Annotations

Branches:
Dungeon (8/15)             Temple (1/1) D:6            Lair (0/5) D:8
  Sewer (visited)

Altars:
Ashenzari
Dithmenos
Fedhas
Gozag
Hepliaklqana
Kikubaaqudgha
Makhleb
Nemelex Xobeh
Okawaru
Ru
Sif Muna
Trog
Uskayaw
Vehumet
Wu Jian
Xom
Yredelemnul

Shops:
D:6 *   D:8 [

Annotations:
D:8 Erica


Innate Abilities, Weirdness & Mutations

You are mostly covered in icy blue scales. (AC +3)
A weak demonic guardian rushes to your aid.
Your demonic aura often causes spilled blood to erupt in flames.
You have a tail ending in a sharp stinger.
You have a pair of small horns on your head.
You passively map a small area around you.
You do not regenerate when monsters are visible.


Message History

You closely miss Erica.
Erica is heavily wounded.
You hit Erica.
Erica is heavily wounded.
Erica barely misses you.
You hit Erica. You tail-slap Erica.
Erica is severely wounded.
Erica hits you with a +2 scimitar of flaming.
Erica burns you.
You hit Erica. You tail-slap Erica.
Erica is severely wounded.
You barely miss Erica.
Erica is severely wounded.
Erica casts a spell.
Erica flickers and vanishes!
Deactivating autopickup; reactivate with Ctrl-A.
You miss something. You hit something.
You hear some strange, mumbled words.
A bolt of poison appears from out of thin air!
The bolt of poison hits you!!
You are poisoned.
You feel better.
You hear some strange, mumbled words.
A bolt of poison appears from out of thin air!
The bolt of poison hits you!!
You are poisoned.
A demonic guardian appears!
An orc wizard comes into view. It is wielding a +0 dagger.
You hit something.
You feel very sick.
You hear some strange, mumbled words.
A bolt of poison appears from out of thin air!
The bolt of poison hits you!
You are lethally poisoned!
* * * LOW HITPOINT WARNING * * *
It was a potion of mutation.
You feel extremely strange.
You feel a strange attunement to the structure of the dungeons.
Your regeneration stops near monsters.
A pair of horns grows on your head!
You die...

....#....#,
#..##....#.# #∩#
#..###...#.# ###
*
##.####..#.#,...
,* , , , #..#
#.# ###### , * *
##..# #.# ....,
# ....##
#.###########.#
.....#
..........)o.##
.....#
*###....#@5.....
.....#
##...##{....., *
.....## ##..##
...... ......#
#..## *......
...#..# ##..#
*......
...##.####..##
#..... ,
...##..##...#
.....
..##....#..## ,,
, ..#.......## ,


You could see an orc wizard and a friendly quasit (summoned).

Vanquished Creatures
  Pikel (D:6)
  A komodo dragon (D:8)
  Maggie (D:8)
  3 yaks (D:7)
  Menkaure (D:5)
  2 water moccasins
  Edmund (D:6)
  4 ice beasts
  2 ogres
  A phantom (D:4)
  A centaur (D:7)
  A lemure (D:5)
  2 gnoll sergeants
  2 bullfrogs
  4 scorpions
  4 wights (D:6)
  A howler monkey (D:4)
  4 hounds
  2 gnoll boudas
  Crazy Yiuf (D:6)
  2 orc priests
  4 sleepcaps (D:6)
  7 iguanas
  An orc wizard (D:6)
  17 gnolls
  8 adders
  3 shadow imps
  2 white imps
  3 ufetubi
  4 worms
  5 dart slugs
  13 orcs
  3 bats
  8 endoplasms
  2 giant cockroaches
  7 goblins
  9 hobgoblins
  7 jackals
  2 quokkas
  11 ball pythons
  2 frilled lizards (D:3)
  9 kobolds
  11 rats
179 creatures vanquished.

Vanquished Creatures (collateral kills)
  A scorpion (D:4)
  A jelly (D:4)
  A worm (D:2)
  2 orcs (D:5)
5 creatures vanquished.

Grand Total: 184 creatures vanquished

Notes
Turn   | Place    | Note
-------+----------+-------------------------------------------
     0 | D:1      | jtron the Demonspawn Wanderer began the quest for the Orb.
     0 | D:1      | jtron set off with the following items: a +3 dagger, 2
                  | curare-tipped darts, a wand of polymorph (4), a potion of
                  | curing, a +0 robe.
     0 | D:1      | Reached XP level 1. HP: 18/18 MP: 1/1
   163 | D:1      | Gained mutation: Your demonic aura sometimes causes spilled
                  | blood to erupt in flames. [demonic ancestry]
   163 | D:1      | Reached XP level 2. HP: 21/24 MP: 2/2
   542 | D:1      | Gained mutation: A weak demonic guardian rushes to your
                  | aid. [demonic ancestry]
   542 | D:1      | Reached XP level 3. HP: 29/29 MP: 3/3
   845 | D:2      | Reached skill level 1 in Short Blades
  1225 | D:2      | Identified the +5 ring mail of the Known World {Dex+3}
  1682 | D:3      | Gained mutation: Your demonic aura often causes spilled
                  | blood to erupt in flames. [demonic ancestry]
  1682 | D:3      | Reached XP level 4. HP: 35/35 MP: 4/4
  1696 | D:3      | Found a glowing drain.
  1808 | D:3      | Found a shimmering altar of Xom.
  1816 | D:3      | Found a shadowy altar of Dithmenos.
  2111 | D:3      | Reached skill level 2 in Short Blades
  2265 | D:3      | Reached skill level 1 in Armour
  2265 | D:3      | Gained mutation: You are partially covered in icy blue
                  | scales. (AC +2) [demonic ancestry]
  2265 | D:3      | Reached XP level 5. HP: 38/41 MP: 5/5
  2301 | Sewer    | Entered a sewer
  2354 | Sewer    | Noticed a water moccasin
  2481 | D:4      | Reached skill level 1 in Stealth
  2530 | D:4      | Reached skill level 1 in Dodging
  2530 | D:4      | Reached XP level 6. HP: 47/47 MP: 5/7
  2544 | D:4      | Reached skill level 1 in Spellcasting
  2581 | D:4      | Found a sparkling altar of Nemelex Xobeh.
  2765 | D:4      | Reached skill level 3 in Short Blades
  2799 | D:4      | Identified the ring "Masmucani" {Ice rCorr}
  3122 | D:4      | Gained mutation: You have a small tail. [demonic ancestry]
  3122 | D:4      | Reached XP level 7. HP: 51/53 MP: 9/9
  3639 | D:5      | Entered Level 5 of the Dungeon
  3819 | D:5      | Identified the -2 kite shield "Hekopy" {Str+3}
  3976 | D:5      | Noticed Menkaure
  3979 | D:5      | Killed Menkaure
  4011 | D:5      | Reached skill level 4 in Short Blades
  4075 | D:5      | Gained mutation: You are mostly covered in icy blue scales.
                  | (AC +3) [demonic ancestry]
  4075 | D:5      | Reached XP level 8. HP: 50/60 MP: 11/11
  4145 | D:5      | Found a sacrificial altar of Ru.
  4355 | D:5      | Found an iron altar of Okawaru.
  4722 | D:6      | Noticed Pikel
  4843 | D:6      | Found a runed translucent door.
  4844 | D:6      | Noticed Crazy Yiuf
  4908 | D:6      | You are sucked into a shaft and drop 1 floor!
  5149 | D:6      | Reached skill level 5 in Short Blades
  5227 | D:6      | Found a staircase to the Ecumenical Temple.
  5234 | Temple   | Entered the Ecumenical Temple
  5235 | Temple   | Found a transporter.
  5235 | Temple   | Found a transporter.
  5237 | Temple   | Found a transporter.
  5237 | Temple   | Found a transporter.
  5508 | D:6      | Noticed Edmund
  5553 | D:6      | Killed Edmund
  5554 | D:6      | Reached skill level 5 in Armour
  5795 | D:6      | Found a burning altar of Makhleb.
  5797 | D:6      | Noticed a cacodemon
  5799 | D:6      | Noticed an angel
  5921 | D:6      | Killed Pikel
  5922 | D:6      | Gained mutation: You have a tail ending in a sharp stinger.
                  | [demonic ancestry]
  5922 | D:6      | Reached XP level 9. HP: 60/67 MP: 12/12
  6390 | D:6      | Reached skill level 5 in Throwing
  6584 | D:6      | Found Nuigur's CLEARANCE SALE!.
  6592 | D:6      | Bought a potion of lignification for 15 gold pieces
  6634 | D:6      | Killed Crazy Yiuf
  6906 | D:7      | Reached skill level 6 in Short Blades
  7614 | D:8      | Reached skill level 5 in Fighting
  7616 | D:8      | Noticed Maggie
  7632 | D:8      | Killed Maggie
  7891 | D:7      | Reached XP level 10. HP: 75/76 MP: 13/13
  8091 | D:8      | Found a staircase to the Lair.
  8115 | D:8      | Reached skill level 7 in Short Blades
  8265 | D:8      | Found Fafi's Armour Shoppe.
  8265 | D:8      | Noticed Erica
  8280 | D:8      | Gained mutation: You passively map a small area around you.
                  | [potion of mutation]
  8280 | D:8      | Gained mutation: You do not regenerate when monsters are
                  | visible. [potion of mutation]
  8280 | D:8      | Gained mutation: You have a pair of small horns on your
                  | head. [potion of mutation]
  8280 | D:8      | Succumbed to Erica's bolt of poison

Illustrated notes

Levels and vault maps discovered:
D:1:      evilmike_arrival_hilbert_curve, layout_loops_ring
D:2:      layout_basic
D:3:      layout_rooms, grunt_temple_overflow_open,
          cheibrodos_sewer_entry_drain, minmay_misc_feat_roman,
          minmay_snake_closets
D:4:      minmay_polygon_palace, layout_cave_pods, mainiacjoe_overflow_24_doors
D:5:      layout_cave_pools, hangedman_ru_absence, mainiacjoe_overflow_alcove_2,
          uniq_menkaure
D:6:      layout_gridville, grunt_temple_overflow_order_and_chaos_2,
          minmay_temple_entry_mini_moons, eino_tiny_chamber, amethyst_killhole,
          serial_bayou_pond_d, nicolae_shop_clearance, uniq_edmund, uniq_pikel,
          uniq_crazy_yiuf_cottage
D:7:      layout_gridville
D:8:      layout_cave_pods, overflow_temple_1_default, david_lair_shrubbed,
          nicolae_inconvenience_store, uniq_maggie, uniq_erica
Temple:   hellmonk_temple_divided_pantheon

Skill      XL: |  1  2  3  4  5  6  7  8  9 10 |
---------------+-------------------------------+-----
Short Blades   | 1 2 3 4 5 6 7 |  7.0
Throwing       | 3 4 5 |  5.3
Armour         | 1 2 4 5 6 |  6.1
Stealth        | 1 2 4 |  4.3
Dodging        | 1 2 3 4 |  4.4
Spellcasting   | 1 2 |  2.0
Fighting       | 4 5 |  5.7
Evocations     | |  4.9

Action                     |  1- 3 |  4- 6 |  7- 9 | 10-12 || total
---------------------------+-------+-------+-------+-------++-------
  Melee: Dagger            |   127 |   152 |   445 |    20 ||   744
         Punch             |     3 |     5 |     7 |     1 ||    16
         Tailslap          |       |       |    75 |     5 ||    80
  Throw: Dart              |     3 |    14 |    45 |       ||    62
         Stone             |     3 |     2 |       |       ||     5
         Javelin           |       |       |     7 |       ||     7
  Evoke: Wand              |       |       |     3 |     3 ||     6
    Use: Scroll            |       |     7 |     7 |       ||    14
         Potion            |       |     1 |     4 |     2 ||     7
   Stab: Sleeping          |     1 |     4 |     4 |       ||     9
         Distracted        |       |     1 |     1 |     1 ||     3
 Armour: Robe              |    18 |       |       |       ||    18
         Ring mail         |     6 |    67 |   146 |     2 ||   221
  Dodge: Dodged            |    53 |    86 |   240 |     6 ||   385
